 Dungeon Crawl Stone Soup version 0.19.1-1-g22dce08 (webtiles) character file.

79 theAP the Conjurer (level 4, -9/24 HPs)
             Began as a Deep Elf Conjurer on Jan 7, 2017.
             Mangled by HopefulHyena's ghost (11 damage)
             ... on level 3 of the Dungeon.
             The game lasted 00:06:14 (1704 turns).

theAP the Conjurer (Deep Elf Conjurer)              Turns: 1704, Time: 00:06:15

Health: -9/24      AC:  4    Str:  5    XL:     4   Next: 16%
Magic:  0/10       EV: 13    Int: 21    God:
Gold:   83         SH:  0    Dex: 15    Spells: 3 memorised, 2 levels left

rFire  . . .     SeeInvis +     (no weapon)
rCold  . . .     Gourm    .     a - +0 robe
rNeg   . . .     Faith    .     (no shield)
rPois  .         Spirit   +     (no helmet)
rElec  .         Reflect  .     (no cloak)
rCorr  .         Harm     .     (no gloves)
MR     .....                    u - +0 pair of boots
Stlth  ++........               k - amulet of guardian spirit
                                (no ring)
                                (no ring)

@: no status effects
A: slimy green scales 1, see invisible, deformed body
a: no special abilities


You were on level 3 of the Dungeon.
You were not hungry.

You visited 1 branch of the dungeon, and saw 3 of its levels.

You collected 83 gold pieces.

Inventory:

Armour
 a - a +0 robe (worn)
 u - a +0 pair of boots (worn)
Jewellery
 k - an amulet of guardian spirit (around neck)
 t - an uncursed ring of wizardry {unknown}
Scrolls
 e - 2 scrolls of remove curse
 j - a scroll of amnesia
Potions
 d - 2 potions of curing
 m - 3 potions of agility
 n - a potion of brilliance {unknown}
 o - a potion of might {unknown}
Books
 b - a book of Conjurations

   Spells                             Type                      Level
   a - Magic Dart                     Conjuration                  1
   b - Searing Ray                    Conjuration                  2
   c - Dazzling Spray                 Conjuration/Hexes            3
   d - Fulminant Prism                Conjuration/Hexes            4
   e - Iskenderun's Mystic Blast      Conjuration                  4
   f - Iskenderun's Battlesphere      Conjuration/Charms           5
Comestibles
 c - 2 bread rations
 f - a meat ration
 r - 4 fruits


   Skills:
 - Level 3.0 Dodging
 - Level 2.7 Stealth
 + Level 3.2 Spellcasting
 * Level 5.8 Conjurations


You had 2 spell levels left.
You knew the following spells:

 Your Spells              Type           Power        Failure   Level  Hunger
a - Magic Dart            Conj           ####         1%          1    None
b - Searing Ray           Conj           ####..       1%          2    ##.....
c - Iskenderun's Mystic   Conj           ####....     14%         4    ####...


Dungeon Overview and Level Annotations

Branches:
Dungeon (3/15)

Altars:

Annotations:
D:3 HopefulHyena's ghost, amateur HOFi


Innate Abilities, Weirdness & Mutations

You are partially covered in slimy green scales. (AC +2)
You have supernaturally acute eyesight. (SInv)
Armour fits poorly on your strangely shaped body.


Message History

The searing ray hits HopefulHyena's ghost.
HopefulHyena's ghost is lightly damaged.
The searing ray hits HopefulHyena's ghost.
HopefulHyena's ghost is heavily damaged.
You finish channeling your searing ray.
HopefulHyena's ghost barely misses you.
Casting: Searing Ray
Confirm with . or Enter, or press ? or * to list all spells.
Aiming: Searing Ray
Press: ? - help, Shift-Dir - straight line, f/p - HopefulHyena's ghost
Aim: HopefulHyena's ghost (heavily damaged)
The searing ray hits HopefulHyena's ghost.
HopefulHyena's ghost is heavily damaged.
HopefulHyena's ghost hits you!
The searing ray misses HopefulHyena's ghost.
HopefulHyena's ghost hits you!
Without enough magic to sustain it, your searing ray dissipates.
HopefulHyena's ghost hits you!
* * * LOW HITPOINT WARNING * * *
HopefulHyena's ghost hits you!
You die...

,,***,* *,,,,,,,,,* *,*,,****
*,***,* *,*#******* *,*,,,,,,
,,,,*,* *,*.,,,,,,* *,*,,,,,,
,,*,*,* #.##.#***,*****,*,,,,,,
*,*,#,* #.##.# *,,,,,,,*,,,,,,
,,*,#.#####.##.###########**,,,,,
*,*,,.....................,,,,,,,
,,,,,,,..................#***,,,,
,.,,#,###.#....W@...#..#+######**
,..,#.#........####.#..........,,
,##.#.#......#,* #.#..........,,
,...........#######.#..........,,
,#..................#..........,,
,..............................,,
,##.#.####.#.##########........,,
.##.#.####.#.# #........,,
....#......#.# #####........,,


You could see HopefulHyena's ghost.

Vanquished Creatures
  4 adders
  An ooze (D:2)
  A giant cockroach (D:2)
  5 goblins
  4 hobgoblins
  10 jackals
  3 kobolds (D:1)
  A quokka (D:2)
  2 bats (D:1)
  2 frilled lizards
  A quokka zombie (D:3)
  2 rats
36 creatures vanquished.

Notes
Turn   | Place    | Note
-------+----------+-------------------------------------------
     0 | D:1      | theAP the Deep Elf Conjurer began the quest for the Orb.
     0 | D:1      | Reached XP level 1. HP: 10/10 MP: 6/6
   180 | D:1      | Reached XP level 2. HP: 12/15 MP: 1/8
   875 | D:2      | Reached skill level 5 in Conjurations
   951 | D:2      | Reached XP level 3. HP: 19/19 MP: 2/9
  1556 | D:3      | Reached XP level 4. HP: 24/24 MP: 6/10
  1645 | D:3      | Learned a level 2 spell: Searing Ray
  1650 | D:3      | Learned a level 4 spell: Iskenderun's Mystic Blast
  1650 | D:3      | Gained mutation: You are partially covered in slimy green scales. (AC +2) [potion of mutation]
  1650 | D:3      | Gained mutation: Armour fits poorly on your strangely shaped body. [potion of mutation]
  1650 | D:3      | Gained mutation: You have supernaturally acute eyesight. (SInv) [potion of mutation]
  1651 | D:3      | Gained mutation: You possess an exceptional clarity of mind. [potion of mutation]
  1651 | D:3      | Lost mutation: You possess an exceptional clarity of mind. [potion of mutation]
  1694 | D:3      | Noticed HopefulHyena's ghost (amateur HOFi)
  1704 | D:3      | Mangled by HopefulHyena's ghost

Skill      XL: |  1  2 |
---------------+-------+-----
Dodging        | 3 |  3.0
Conjurations   | 5 |  5.8
Stealth        | |  2.7
Spellcasting   | |  3.2

Action                   |  1- 3 |  4- 6 || total
-------------------------+-------+-------++-------
 Cast: Magic Dart        |    78 |     7 ||    85
       Searing Ray       |       |     2 ||     2
  Use: Scroll            |     1 |    10 ||    11
       Potion            |       |     2 ||     2
  Eat: Chunk             |     1 |     1 ||     2
Armor: Robe              |     2 |       ||     2
Dodge: Dodged            |     7 |     1 ||     8
